 Dungeon Crawl Stone Soup version 0.18-a0-775-g4d9e04e (webtiles) character file.

1511 wvc the Spear-Bearer (level 8, 4/62 HPs)
             Began as a Demigod Fighter on Dec 13, 2015.
             Quit the game in a bailey.
             The game lasted 00:13:21 (7334 turns).

wvc the Spear-Bearer (Demigod Fighter)              Turns: 7334, Time: 00:13:21

Health: 4/62       AC:  6    Str: 19    XL:     8   Next: 28%
Magic:  10/10      EV:  8    Int: 12    God:
Gold:   433        SH:  9    Dex: 19    Spells: 0 memorised, 7 levels left

rFire  + . .     SeeInvis .     a - +1 trident
rCold  + . .     Clarity  .     G - +0 leather armour {rC+}
rNeg   . . .     SustAt   +     c - +0 shield
rPois  .         Gourm    .     t - +0 helmet
rElec  .         Spirit   .     p - +0 cloak
rCorr  .         Dismiss  +     (no gloves)
rMut   .         Stasis   .     m - +0 pair of boots
MR     .....                    w - amulet of dismissal
Stlth  +.........               (no ring)
                                h - ring of protection from fire

@: drained, not resistant to hostile enchantments, very unstealthy
A: high mp 1, sustain attributes
a: no special abilities


You were in a bailey.
You were full.

You visited 1 branch of the dungeon, and saw 7 of its levels.
You also visited: Ossuary and Bailey.

You collected 433 gold pieces.

Inventory:

Hand Weapons
 a - a +1 trident (weapon)
 o - a +4 quarterstaff of chaos
Missiles
 F - a throwing net (quivered)
Armour
 b - a +0 scale mail
 c - a +0 shield (worn)
 m - a +0 pair of boots (worn)
 p - a +0 cloak (worn)
 t - a +0 helmet (worn)
 G - a +0 leather armour of cold resistance (worn)
Magical Staves
 j - an uncursed staff of wizardry
Jewellery
 h - a ring of protection from fire (left hand)
 w - an amulet of dismissal (around neck)
Wands
 y - a wand of disintegration (17)
 C - a wand of fire (4)
 D - a wand of frost (32)
Scrolls
 e - a scroll of enchant weapon
 g - a scroll of fog
 l - 2 scrolls of teleportation
 v - 3 scrolls of remove curse
 A - a scroll of magic mapping
 E - a scroll of amnesia
Potions
 d - a potion of might
 i - 6 potions of curing
 n - a potion of agility
 q - 2 potions of heal wounds
 r - 2 potions of flight
 s - a potion of invisibility
 u - a potion of cancellation {unknown}
 B - a potion of mutation {unknown}
 H - a potion of lignification {unknown}
Books
 k - a Grand Grimoire

   Spells                             Type                      Level
   a - Monstrous Menagerie            Summoning                    6
   b - Summon Greater Demon           Summoning                    7
   c - Malign Gateway                 Summoning/Translocation      7
   d - Summon Horrible Things         Summoning                    8
Comestibles
 f - 2 bread rations


   Skills:
 - Level 2.6(2.5) Fighting
 + Level 10.0(9.8) Polearms
 - Level 2.6(2.5) Armour
 - Level 2.6(2.5) Shields


You had 7 spell levels left.
You didn't know any spells.

Dungeon Overview and Level Annotations

Branches:
Dungeon (7/15)             Temple (0/1) D:4

Shops:
D:7 (


Innate Abilities, Weirdness & Mutations

You have an increased reservoir of magic (+10% MP).
Your attributes are resistant to harm.


Message History

There is a gate leading back out of this place here.
You start resting.
An orc comes into view. It is wielding an arbalest.
The orc shouts!
The orc shoots a bolt.
You block the bolt.
The orc shoots a bolt.
The bolt barely misses you.
The orc shoots a bolt.
The bolt hits you!
* * * LOW HITPOINT WARNING * * *
You are too injured to fight recklessly!
You are too injured to fight recklessly!
You are too injured to fight recklessly!
The orc shoots a bolt.
The bolt hits you!
* * * LOW HITPOINT WARNING * * *
You see here a bolt.
The orc shouts!
The orc warrior shouts!
The orc shoots a bolt.
The bolt barely misses you.
The orc shoots a bolt.
The bolt hits you but does no damage.
The orc warrior shoots a bolt.
You block the bolt.
You see here 2 bolts.
Are you sure you want to abandon this character and quit the game? (Confirm with "yes".)

############
.......(..∩#
...........#
........(..#
...........#
.......@...#
...........#
≈≈≈≈.......#
#o#≈≈..o...#
# ##≈......#
o≈......#
##≈......#
≈≈......#


You could see an orc warrior and 2 orcs.

Vanquished Creatures
  Menkaure (D:6)
  2 phantoms
  3 sky beasts
  An ogre (D:4)
  2 wights (D:7)
  2 quasits (D:6)
  A crimson imp (D:5)
  A jelly (D:5)
  2 human zombies (Ossuary)
  An orc priest (D:5)
  2 giant frog skeletons (D:5)
  Crazy Yiuf (D:2)
  An iguana (D:5)
  6 worker ants
  A hound skeleton (D:6)
  2 mummies (Ossuary)
  Robin (D:3)
  5 adders
  A shadow imp (D:6)
  2 oozes
  2 adder skeletons (D:5)
  5 adder zombies
  7 worms
  5 giant geckos
  15 orcs
  2 ball pythons
  3 giant cockroaches
  25 goblins
  9 hobgoblins
  4 jackals
  2 quokkas
  9 bats
  A giant gecko skeleton (D:5)
  7 giant newts
  A goblin zombie (Ossuary)
  12 hobgoblin zombies (Ossuary)
  4 kobolds
  11 kobold zombies (Ossuary)
  6 orc zombies (Ossuary)
  A quokka zombie (D:7)
  12 rats
  A rat zombie (Ossuary)
  A butterfly (D:4)
183 creatures vanquished.

Notes
Turn   | Place    | Note
--------------------------------------------------------------
     0 | D:1      | wvc the Demigod Fighter began the quest for the Orb.
     0 | D:1      | Reached XP level 1. HP: 18/18 MP: 3/3
   268 | D:1      | Reached XP level 2. HP: 12/25 MP: 4/4
   705 | D:1      | Reached skill level 3 in Polearms
  1087 | D:2      | Reached XP level 3. HP: 30/30 MP: 5/5
  1240 | D:2      | Found an ancient bone altar of Kikubaaqudgha.
  1520 | D:2      | Noticed Crazy Yiuf
  1527 | D:2      | Killed Crazy Yiuf
  1527 | D:2      | Reached skill level 4 in Polearms
  1527 | D:2      | Reached XP level 4. HP: 37/37 MP: 6/6
  2192 | D:3      | Noticed Robin
  2204 | D:3      | Killed Robin
  2654 | D:3      | Reached skill level 5 in Polearms
  2662 | D:3      | Reached XP level 5. HP: 26/42 MP: 7/7
  3054 | D:4      | Found a staircase to the Ecumenical Temple.
  3210 | D:4      | Noticed an ogre
  3229 | D:4      | Killed an ogre
  3368 | D:4      | Reached skill level 6 in Polearms
  3708 | D:4      | Reached XP level 6. HP: 42/50 MP: 8/8
  3948 | D:4      | Noticed a moth of wrath
  3951 | D:4      | Found a bloodstained altar of Trog.
  4153 | D:5      | Entered Level 5 of the Dungeon
  4289 | D:5      | Found a glowing silver altar of Zin.
  4344 | D:5      | Found an oddly glowing altar of Pakellas.
  4427 | D:5      | Found a sand-covered staircase.
  4436 | Ossuary  | Entered an ossuary
  4696 | Ossuary  | Reached skill level 7 in Polearms
  4837 | D:5      | Reached XP level 7. HP: 43/56 MP: 9/9
  5060 | D:5      | Reached skill level 8 in Polearms
  5460 | D:6      | Found an iron altar of Okawaru.
  5491 | D:6      | Found a stormy altar of Qazlal.
  5527 | D:6      | Reached skill level 9 in Polearms
  5697 | D:6      | Found a basalt altar of Yredelemnul.
  6045 | D:6      | Reached XP level 8. HP: 33/62 MP: 10/10
  6425 | D:6      | Noticed Menkaure
  6427 | D:6      | Killed Menkaure
  6868 | D:7      | Found a shattered altar of Ashenzari.
  6913 | D:7      | Found Yhyla's Antique Weapon Shoppe.
  6960 | D:7      | Found a flagged portal.
  6962 | D:7      | Reached skill level 10 in Polearms
  6975 | Bailey   | Entered a bailey
  7331 | Bailey   | HP: 3/62 [orc/bolt (7)]
  7334 | Bailey   | Quit the game

Vault maps used:
D:1:      wheals_arrival_shading
D:2:      kiku_gazebo_garden_becter, minmay_strange_pillars,
          uniq_crazy_yiuf_cottage
D:3:      uniq_robin
D:4:      minmay_temple_entry_butterflies, first_bread, minivault_11,
          hangedman_decor_lopped, tgw_trog
D:5:      kennysheep_six_static_rooms, zin_scriptorium, enter_ossuary_1,
          grunt_pakellas_sulfur
D:6:      grunt_qazlal_clouds, lemuel_doored_altar, okawaru_trees_2,
          uniq_menkaure
D:7:      nicolae_ashenzari_panopticon,
          nicolae_dithmenos_through_a_glass_darkly, enter_bailey_3,
          serial_shops, nicolae_shop_overgrown_old_shop
Ossuary:  ossuary_tomb_1
Bailey:   bailey_polearm_2, bailey

Action                   |  1- 3 |  4- 6 |  7- 9 || total
-------------------------+-------+-------+-------++-------
Melee: Trident           |   143 |   415 |   262 ||   820
Evoke: Wand              |       |       |     2 ||     2
  Use: Scroll            |       |    15 |     3 ||    18
       Potion            |       |     1 |       ||     1
 Stab: Sleeping          |       |       |     1 ||     1
  Eat: Beef jerky        |     1 |       |       ||     1
       Chunk             |       |     5 |       ||     5
       Meat ration       |       |     1 |     2 ||     3
       Bread ration      |       |     1 |       ||     1
